 Dungeon Crawl Stone Soup version 0.24-a0-475-g5b41c6f (webtiles) character file.

Game seed: 4479344976579486543

172 Spazmo the Magician (level 5, 0/28 HPs)
             Began as a Deep Elf Fire Elementalist on July 5, 2019.
             Slain by Grinder (1 damage)
             ... while paralysed by Grinder
             ... on level 3 of the Dungeon.
             The game lasted 00:05:52 (1759 turns).

Spazmo the Magician (Deep Elf Fire Elementalist)    Turns: 1759, Time: 00:05:53

Health: 0/28       AC:  2    Str:  5    XL:     5   Next: 27%
Magic:  2/14       EV:  2    Int: 21    God:
Gold:   140        SH:  0    Dex: 15    Spells: 3/13 levels left

rFire    . . .     SeeInvis .   f - +1 dagger
rCold    . . .     Gourm    .   (no shield)
rNeg     . . .     Faith    .   a - +0 robe
rPois    .         Spirit   .   (no helmet)
rElec    .         Reflect  .   (no cloak)
rCorr    .         Harm     .   (no gloves)
MR       .....                  (no boots)
Stlth    ++........             (no amulet)
HPRegen  0.09/turn              (no ring)
MPRegen  0.14/turn              (no ring)

@: paralysed, very slightly contaminated
A: no striking features
a: no special abilities


You were on level 3 of the Dungeon.
You were not hungry.

You visited 1 branch of the dungeon, and saw 3 of its levels.

You collected 140 gold pieces.

Inventory:

Hand Weapons
 f - a +1 dagger (weapon)
Missiles
 b - 81 stones (quivered)
Armour
 a - a +0 robe (worn)
Wands
 h - a wand of paralysis (7)
Scrolls
 d - 5 scrolls of identify
 e - 2 scrolls of remove curse
 l - a scroll of enchant armour {unknown}
Potions
 g - 3 potions of heal wounds
 i - a potion of berserk rage {unknown}
 j - a potion of haste
Comestibles
 c - 3 rations
 k - a chunk of flesh


   Skills:
 - Level 2.4 Dodging
 - Level 2.4 Stealth
 + Level 4.9 Spellcasting
 + Level 3.3 Conjurations
 + Level 4.6 Fire Magic


You had 3 spell levels left.
You knew the following spells:

 Your Spells              Type           Power        Failure   Level  Hunger
a - Flame Tongue          Conj/Fire      ###..        2%          1    None
b - Throw Flame           Conj/Fire      ###...       3%          2    None
c - Conjure Flame         Conj/Fire      ###.....     6%          3    ##.....
d - Sticky Flame          Conj/Fire      ###.....     22%         4    ####...

Your spell library contained the following spells:

 Spells                   Type           Power        Failure   Level  Hunger
 Confusing Touch          Hex            #.....       11%         1    None
 Inner Flame              Hex/Fire       ##......     13%         3    ##.....
 Confuse                  Hex            #.......     32%         3    ##.....
 Gell's Gravitas          Tloc           #.........   32%         3    ##.....
 Fireball                 Conj/Fire      ###.......   52%         5    #####..
 Petrify                  Tmut/Erth      #.......     73%         4    ####...
 Metabolic Englaciation   Hex/Ice        #.........   97%         5    #####..
 Yara's Violent Unravell  Hex/Tmut       #.........   97%         5    #####..


Dungeon Overview and Level Annotations

Branches:
Dungeon (3/15)

Altars:
Dithmenos
Gozag
Yredelemnul

Annotations:
D:3 Grinder


Message History

Press: ? - help, Shift-Dir - straight line, f/p - Grinder
Aim: Grinder (moderately wounded)
You miscast Sticky Flame.
You are very lightly contaminated with residual magic.
Lukewarm flames ripple over your body. Grinder closely misses you.
Casting: Sticky Flame (slightly dangerous; 22% risk of failure)
Confirm with . or Enter, or press ? or * to list all spells.
Aiming: Sticky Flame (slightly dangerous; 22% risk of failure)
Press: ? - help, Shift-Dir - straight line, f/p - Grinder
Aim: Grinder (moderately wounded)
You miscast Sticky Flame.
You have a brief vision of globes of primordial fire.
Grinder gestures at you.
You suddenly lose the ability to move!
Grinder hits you.
* * * LOW HITPOINT WARNING * * *
Grinder hits you!
* * * LOW HITPOINT WARNING * * *
You writhe in agony.
You die...

#######> #....... ..>###.## gg
##.# .# ####..# ###.# # #....##
...#### . #.##.###.####
#.....###.. #####.........#
#.#.#..# #..##.@...#####.#.#
##....#.###....5###### #..#...
#........###.........###.######
#..............#####.5...#
#.........#.#... ###...###
#............... ..##......
#.........#.#.#. ..)..#.....
#.............#.### ......^..#
#........(....#...###...5###)..##


You could see Grinder.

Vanquished Creatures
  A gnoll shaman (D:2)
  2 orc wizards (D:2)
  4 gnolls (D:2)
  An ooze (D:1)
  A leopard gecko (D:2)
  3 orcs
  A ball python (D:1)
  2 bats
  A giant cockroach (D:2)
  3 goblins (D:1)
  5 hobgoblins
  9 kobolds
  4 frilled lizards
  7 rats
  A spectral orc (D:2)
45 creatures vanquished.

Notes
Turn   | Place    | Note
-------+----------+-------------------------------------------
     0 | D:1      | Spazmo the Deep Elf Fire Elementalist began the quest for
                  | the Orb.
     0 | D:1      | Reached XP level 1. HP: 10/10 MP: 6/6
   132 | D:1      | Reached XP level 2. HP: 15/15 MP: 0/8
   149 | D:1      | Learned a level 2 spell: Throw Flame
   618 | D:2      | Reached XP level 3. HP: 19/19 MP: 2/10
   627 | D:2      | Learned a level 3 spell: Conjure Flame
   742 | D:2      | Found an opulent altar of Gozag.
   742 | D:2      | You fall into a shaft and drop 1 floor!
  1028 | D:2      | Reached XP level 4. HP: 19/24 MP: 3/12
  1281 | D:2      | Reached XP level 5. HP: 20/28 MP: 3/14
  1294 | D:2      | Learned a level 4 spell: Sticky Flame
  1448 | D:2      | Found a basalt altar of Yredelemnul.
  1689 | D:3      | Found a shadowy altar of Dithmenos.
  1736 | D:3      | Noticed Grinder
  1757 | D:3      | Paralysed by Grinder for 3 turns
  1759 | D:3      | HP: 1/28 [Grinder (7)]
  1759 | D:3      | Slain by Grinder

Levels and vault maps discovered:
D:1:      dpeg_arrival_ternary, layout_basic
D:2:      layout_loops_ring, yredelemnul_forgotten_temple_becter,
          nicolae_gozag_seed_capital
D:3:      layout_rooms, nicolae_dithmenos_shadow_blocks, serial_glass,
          glass_columns_b, glass_columns_a, glass_columns_a,
          grunt_decor_resistance, uniq_robin, uniq_grinder

Skill      XL: |  1  2  3  4 |
---------------+-------------+-----
Conjurations   | 2 3 |  3.3
Spellcasting   | 4 |  4.9
Fire Magic     | 4 |  4.6
Dodging        | |  2.4
Stealth        | |  2.4

Action                   |  1- 3 |  4- 6 || total
-------------------------+-------+-------++-------
 Cast: Flame Tongue      |    40 |    34 ||    74
       Throw Flame       |     8 |     4 ||    12
       Conjure Flame     |     1 |       ||     1
  Use: Scroll            |     2 |     3 ||     5
       Potion            |       |     1 ||     1
  Eat: Chunk             |       |     3 ||     3
Dodge: Dodged            |     4 |     4 ||     8

Table legend:
 A = Non-vault XP
 B = Vault XP
 C = Vault XP percentage of total XP
 D = Non-vault monster count
 E = Vault monster count
 F = Vault count percentage of total count
                 A         B        C        D         E       F
            +---------+---------+-------+---------+---------+-------
      Total |     246 |       1 |   0.4 |      44 |       1 |   2.2
            +---------+---------+-------+---------+---------+-------
        D:1 |      36 |       0 |   0.0 |      21 |       0 |   0.0
        D:2 |     199 |       1 |   0.5 |      17 |       1 |   5.6
        D:3 |      11 |       0 |   0.0 |       6 |       0 |   0.0
            +---------+---------+-------+---------+---------+-------
